AoeStats
← jaredcool101

Arabia

509435844Analyzed
3v3 RM · 5d ago on Sep 26, 2026· 76m 8s· 6 players
Game mode
Random Map
Map size
Normal (6 player)
Population
200
Speed
Normal
Resources
Standard
Victory
Conquest
Starting age
Dark Age
Ending age
Imperial Age
RankedLock teamsTeams togetherTeam positionsShared explorationLock speedFull tech treeHidden civsTurbo modeCheats
Victory
Defeat
784
+12
🇧🇪 Berbers · Belgium
754
+13
🇫🇮 Teutons · Finland
721
+14
🇺🇸 Franks · United States
717
-28
🇺🇸 Huns · United States
687
-13
🇺🇸 Goths · United States
662
-12
Juppeli90
10:45 Feudal Age
13:54 Double-Bit Axe
23:38 Castle Age
22:40 Fletching
22:50 Padded Archer Armor
23:43 Forging
28:47 Imperial Age
27:27 Bodkin Arrow
27:47 Leather Archer Armor
29:00 Bow Saw
30:31 Chemistry
30:29 Ring Archer Armor
37:00 Wheelbarrow
49:03 Two-Man Saw
58:26 Loom
59:21 Caravan
62:14 Hand Cart
72:12 Elite Skirmisher
RosConor
0:29 Loom
12:49 Feudal Age
13:25 Horse Collar
13:33 Double-Bit Axe
18:56 Bloodlines
23:39 Castle Age
23:40 Light Cavalry
26:41 Husbandry
31:55 Town Watch
33:49 Wheelbarrow
33:21 Town Patrol
34:00 Stone Mining
34:03 Gold Mining
34:35 Caravan
35:02 Hand Cart
37:46 Imperial Age
35:40 Heavy Plow
36:23 Stone Shaft Mining
36:01 Bow Saw
36:18 Kasbah
37:22 Scale Barding Armor
37:28 Forging
38:28 Gold Shaft Mining
38:46 Maghrebi Camels
39:20 Heavy Camel Rider
41:11 Iron Casting
41:10 Chain Barding Armor
44:20 Blast Furnace
44:22 Plate Barding Armor
51:08 Cavalier
54:11 Elite Camel Archer
58:00 Fletching
58:11 Padded Archer Armor
60:38 Conscription
61:41 Leather Archer Armor
61:21 Bodkin Arrow
Navix de los Bosques de Lituania
4:22 Loom
12:30 Feudal Age
13:04 Double-Bit Axe
16:43 Horse Collar
17:40 Wheelbarrow
17:36 Padded Archer Armor
17:28 Fletching
19:07 Forging
23:11 Scale Mail Armor
30:13 Castle Age
29:19 Gold Mining
30:32 Crossbowman
30:36 Elite Skirmisher
31:28 Thumb Ring
31:17 Pikeman
31:56 Bodkin Arrow
32:16 Leather Archer Armor
32:18 Chain Mail Armor
33:13 Hand Cart
34:55 Iron Casting
34:37 Chain Mail Armor
36:32 Caravan
37:02 Coinage
41:56 Ballistics
41:49 Masonry
46:52 Imperial Age
48:39 Chemistry
48:46 Arbalester
49:55 Sappers
53:28 Elite Chu Ko Nu
57:36 Fortified Wall
67:26 Ring Archer Armor
66:56 Bracer
67:08 Bracer
68:09 Blast Furnace
crumb
6:21 Loom
11:30 Feudal Age
11:45 Man-at-Arms
13:22 Forging
14:36 Double-Bit Axe
14:31 Horse Collar
18:40 Wheelbarrow
19:20 Scale Mail Armor
23:27 Castle Age
22:48 Gold Mining
24:29 Bow Saw
24:23 Heavy Plow
24:45 Hand Cart
24:56 Long Swordsman
25:37 Squires
26:16 Iron Casting
38:03 Imperial Age
35:22 Town Watch
37:42 Scale Mail Armor
38:37 Anarchy
38:57 Chain Mail Armor
39:44 Blast Furnace
39:07 Conscription
38:26 Two-Handed Swordsman
40:04 Perfusion
43:13 Caravan
42:39 Pikeman
45:30 Scale Barding Armor
45:21 Halberdier
46:20 Fletching
46:52 Chain Barding Armor
45:57 Light Cavalry
46:47 Bloodlines
46:38 Husbandry
47:05 Hussar
Goblin
13:24 Feudal Age
13:52 Double-Bit Axe
14:51 Wheelbarrow
21:01 Castle Age
19:05 Gold Mining
21:28 Loom
22:12 Hand Cart
21:22 Elite Skirmisher
23:32 Gold Shaft Mining
23:53 Padded Archer Armor
23:44 Fletching
26:22 Leather Archer Armor
26:04 Bodkin Arrow
26:21 Scale Barding Armor
27:01 Crossbowman
34:24 Stone Mining
38:30 Imperial Age
37:37 Scale Mail Armor
37:57 Chain Barding Armor
39:22 Cavalier
40:02 Husbandry
39:26 Heavy Mounted Crossbowman
39:27 Cranequins
47:34 Plate Barding Armor
48:46 Paladin
51:12 Forging
56:28 Chain Mail Armor
56:49 Iron Casting
56:47 Pikeman
57:28 Squires
58:23 Halberdier
61:13 Murder Holes
61:06 Arrowslits
jaredcool101
2:36 Loom
12:40 Feudal Age
16:45 Bloodlines
17:39 Wheelbarrow
20:11 Scale Barding Armor
20:17 Forging
19:55 Town Watch
23:39 Double-Bit Axe
24:11 Horse Collar
30:12 Castle Age
28:21 Fletching
29:16 Padded Archer Armor
31:21 Leather Archer Armor
31:57 Bow Saw
32:17 Bodkin Arrow
33:17 Heavy Plow
33:35 Hand Cart
33:39 Thumb Ring
36:20 Ballistics
36:22 Town Patrol
39:39 Imperial Age
37:47 Husbandry
41:25 Two-Man Saw
40:38 Bracer
41:09 Parthian Tactics
41:57 Chemistry
41:14 Capped Ram
42:58 Chain Barding Armor
44:16 Heavy Cavalry Archer
46:42 Siege Ram
49:40 Conscription
54:10 Elite Tarkan
55:55 Plate Barding Armor
55:56 Iron Casting
55:12 Pikeman
56:21 Elite Skirmisher
57:37 Masonry
58:06 Squires
58:56 Murder Holes
61:20 Blast Furnace
Connection lost

Rejoining the realm…

Still unreachable

The connection could not be restored.

Session expired

The server has moved on; the page needs a fresh start.